 Dungeon Crawl Stone Soup version 0.31-a0-325-g067879e3d3 (webtiles) character file.

Game seed: 6438732005046867110

110 Grim the Cudgeller (level 4, 0/72 HPs)
             Began as an Ogre Berserker on July 18, 2023.
             Was a Believer of Trog.
             Slain by an orc
             ... wielding a +0 trident
              (2 damage)
             ... on level 3 of the Dungeon.
             The game lasted 00:02:21 (1999 turns).

Grim the Cudgeller (Ogre Berserker)                 Turns: 1999, Time: 00:02:22

Health: 0/72       AC:  3    Str: 23    XL:     4   Next: 91%
Magic:  4/4        EV: 10    Int: 14    God:    Trog [**....]
Gold:   105        SH:  0    Dex:  8    Spells: 3/3 levels left

rFire   . . .        a - +0 mace
rCold   . . .        (no shield)
rNeg    . . .        b - +0 animal skin
rPois   .            (helmet restricted)
rElec   .            (no cloak)
rCorr   .            (gloves unavailable)
SInv    .            (boots unavailable)
Will    ++...        k - amulet of faith Stlth
                     c - +6 ring of intelligence
HPRegen 1.32/turn    (no ring)
MPRegen 0.09/turn

%: faith
@: berserking (expiring), strong-willed, regenerating, very quick
A: large, unfitting armour, tough skin 1
a: Renounce Religion, Berserk, Trog's Hand


You were on level 3 of the Dungeon.
You worshipped Trog.
Trog was pleased with you.
You visited 1 branch of the dungeon, and saw 3 of its levels.

You collected 105 gold pieces.

Inventory:

Hand Weapons
 a - a +0 mace (weapon)
Armour
 b - a +0 animal skin (worn)
Jewellery
 c - a +6 ring of intelligence (left hand)
 k - an amulet of faith (around neck)
Scrolls
 f - 2 scrolls of noise {unknown}
 g - a scroll of revelation {unknown}
 h - a scroll of identify {unknown}
 i - 3 scrolls of blinking {unknown}
 j - a scroll of teleportation {unknown}
 l - a scroll of fog {unknown}
 m - a scroll of vulnerability {unknown}
Potions
 d - a potion of curing {unknown}
 e - a potion of brilliance {unknown}


   Skills:
 - Level 4.0 Fighting
 + Level 5.0 Maces & Flails
 - Level 2.6 Dodging


You had 3 spell levels left.
You didn't know any spells.
Your spell library was empty.

Dungeon Overview and Level Annotations

Branches:
Dungeon (3/15)

Altars:


Innate Abilities, Weirdness & Mutations

You are too large for most types of armour.
You have tough skin. (AC +1)


Message History

A worm comes into view.
The jackal barks!
You hit the gnoll.
The gnoll is heavily wounded.
The jackal bites you.
* * * LOW HITPOINT WARNING * * *
The ball python misses you. The gnoll completely misses you.
The gnoll hits you with a +0 halberd.
* * * LOW HITPOINT WARNING * * *
You hit the gnoll.
The gnoll is almost dead.
The jackal closely misses you. The ball python closely misses you.
Unknown command.
You sock the gnoll!
You kill the gnoll!
Trog accepts your kill. The jackal bites you.
* * * LOW HITPOINT WARNING * * *
The ball python bites you but does no damage.
An orc comes into view. It is wielding a +0 falchion.
The orc hits you from afar with a +0 trident.
* * * LOW HITPOINT WARNING * * *
A dart slug comes into view.
The gnoll barely misses you.
Your Maces & Flails skill increases to level 5!
The orc shouts!
You hit the gnoll.
The gnoll is moderately wounded.
The jackal bites you.
* * * LOW HITPOINT WARNING * * *
The ball python bites you.
* * * LOW HITPOINT WARNING * * *
The orc barely misses you. The gnoll barely misses you.
The jackal completely misses you.
You sock the gnoll!
The gnoll is almost dead.
The ball python barely misses you. The jackal bites you.
* * * LOW HITPOINT WARNING * * *
The orc hits you from afar with a +0 trident.
You die...

#. ####......
#.##.......w.
..#......w#
.........###
#..........###
#.......##....
#....hhg....#
#.....@)o...#
##.##.)S...o..
#.#####....##
#.# .#.##
...####.#####.#
#
#............#
...####.#######
..#.#####.#
#.........#


You could see a worm, a gnoll, a dart slug, 2 orcs, 2 jackals and a ball python.

Vanquished Creatures
  2 adders (D:2)
  3 gnolls (D:3)
  4 dart slugs
  3 ball pythons
  8 bats
  2 endoplasms
  7 goblins
  3 hobgoblins
  4 jackals
  5 kobolds
  5 quokkas (D:1)
  5 frilled lizards
  5 rats
56 creatures vanquished.

Notes
Turn   | Place    | Note
-------+----------+-------------------------------------------
     0 | D:1      | Grim the Ogre Berserker began the quest for the Orb.
     0 | D:1      | Reached XP level 1. HP: 24/24 MP: 1/1
    23 | D:1      | Reached skill level 3 in Maces & Flails
    75 | D:1      | Reached XP level 2. HP: 17/32 MP: 2/2
   543 | D:1      | Reached XP level 3. HP: 39/39 MP: 3/3
   775 | D:1      | Reached ** piety under Trog
   946 | D:1      | Reached skill level 4 in Maces & Flails
  1326 | D:2      | Reached XP level 4. HP: 43/48 MP: 4/4
  1998 | D:3      | Reached skill level 5 in Maces & Flails
  1998 | D:3      | HP: 3/72 [ball python (2)]
  1999 | D:3      | Slain by an orc

Illustrated notes

Levels and vault maps discovered:
D:1:      minmay_arrival_four_houses, layout_basic, minmay_octomino_j4
D:2:      layout_loops_ring
D:3:      corexii_shack_village, layout_loops_ring, minmay_goblin_outpost

Skill      XL: |  1  2  3  4 |
---------------+-------------+-----
Maces & Flails | 3 4 5 |  5.0
Fighting       | |  4.0
Dodging        | |  2.6

Action                     |  1- 3 |  4- 6 || total
---------------------------+-------+-------++-------
  Melee: Mace              |   129 |    57 ||   186
 Invoke: Berserk           |     2 |     1 ||     3
         Trog's Hand       |       |     1 ||     1
 Armour: Animal skin       |    50 |    21 ||    71
  Dodge: Dodged            |   106 |    51 ||   157

Table legend: (Time is in decaauts)
 A = Elapsed time spent in this place.
 B = Non-inter-level travel time spent in this place.
 C = Inter-level travel time spent in this place.
 D = Time resting spent in this place.
 E = Time spent auto-exploring this place.
 F = Levels seen in this place.
 G = Mean time per level.
                   A        B        C        D        E       F      G
               +--------+--------+--------+--------+--------+-----+--------+
         Total |   2055 |   2026 |     29 |    134 |   1493 |   3 |  685.0 |
       Dungeon |   2055 |   2026 |     29 |    134 |   1493 |   3 |  685.0 |
               +--------+--------+--------+--------+--------+-----+--------+

Top non-repeatable levels by time:
     D:1: 1092 daAuts
     D:2: 861 daAuts
     D:3: 102 daAuts
